 Dungeon Crawl Stone Soup version 0.31.0-11-ge490571c62 (webtiles) character file.

Game seed: 15704238355458319004

146 Arcadio the Magician (level 5, 0/39 HPs)
             Began as a Djinni Fire Elementalist on Jan 27, 2024.
             Killed from afar by an orc wizard (3 damage)
             ... with a puff of flame
             ... on level 4 of the Dungeon.
             The game lasted 00:03:26 (2598 turns).

Arcadio the Magician (Djinni Fire Elementalist)     Turns: 2598, Time: 00:03:26

Health: 0/39       AC:  3    Str:  7    XL:     5   Next: 53%
Gold:   178        EV: 13    Int: 19    God:
                   SH:  0    Dex: 13

rFire   + + .        g - +2 dagger (venom)
rCold   x . .        (no shield)
rNeg    . . .        a - +0 robe
rPois   ∞            m - +0 helmet
rElec   .            (no cloak)
rCorr   .            (no gloves)
SInv    .            (boots unavailable)
Will    .....        (no amulet)
Stlth   ++           (no ring)
HPRegen 0.26/turn    (no ring)
MPRegen 0.00/turn

%: infuse magic (-1 HP)
@: flying
A: sickness immunity, fire resistance 2, cold vulnerability 1, float, innate
caster, HP casting, extra vitality 1
a: no special abilities


You were on level 4 of the Dungeon.
You visited 1 branch of the dungeon, and saw 4 of its levels.

You collected 178 gold pieces.

Inventory:

Hand Weapons
 d - a +0 dagger
 g - a +2 dagger of venom (weapon)
 t - a +3 short sword
Armour
 a - a +0 robe (worn)
 m - a +0 helmet (worn)
Jewellery
 r - an amulet of regeneration
 s - a +6 ring of intelligence
Scrolls
 e - a scroll of vulnerability {unknown}
 h - a scroll of revelation {unknown}
 i - 2 scrolls of summoning {unknown}
 j - 4 scrolls of teleportation {unknown}
 k - 2 scrolls of identify {unknown}
 l - a scroll of noise {unknown}
 n - a scroll of acquirement {unknown}
 p - a scroll of enchant armour {unknown}
 q - a scroll of immolation {unknown}
Potions
 b - a potion of lignification {unknown}
 c - a potion of curing {unknown}
 f - a potion of berserk rage {unknown}
 o - a potion of heal wounds {unknown}


   Skills:
 + Level 2.5 Fighting
 + Level 3.7 Dodging
 - Level 1.5 Stealth
 + Level 3.8 Spellcasting
 + Level 3.8 Conjurations
 + Level 3.8 Hexes
 + Level 3.8 Summonings
 + Level 3.8 Necromancy
 + Level 3.8 Translocations
 + Level 3.8 Fire Magic
 + Level 3.8 Ice Magic
 + Level 3.8 Air Magic
 + Level 3.8 Earth Magic
 + Level 3.8 Alchemy


You knew the following spells:

 Your Spells              Type           Power      Damage    Failure   Level
a - Foxfire               Conj/Fire      72%        2x1d7     3%          1
b - Scorch                Fire           36%        2d6       4%          2
c - Volatile Blastmotes   Fire/Tloc      36%        2d13      9%          3
d - Inner Flame           Hex/Fire       18%        N/A       9%          3
e - Flame Wave            Conj/Fire      18%        2d7       28%         4
f - Apportation           Tloc           36%        N/A       3%          1
g - Mercury Vapours       Alch/Air       36%        N/A       4%          2
Your spell library was empty.

Dungeon Overview and Level Annotations

Branches:
Dungeon (4/15)
 Temple: D:4-7

Altars:
Elyvilon
Yredelemnul

Shops:
D:3 =


Innate Abilities, Weirdness & Mutations

You are immune to sickness and miasma.
You are immune to poison.
Your flesh is very heat resistant. (rF++)
You are vulnerable to cold. (rC-)
You float through the air rather than walking.
You learn spells naturally, not from books.
Your magical power is your life essence.
You have superior vitality. (+4 MHP)


Message History

The orc priest is severely wounded.
The orc wizard mumbles some strange words.
The orc wizard flickers and vanishes!
Something hits you but does no damage.
Casting: Scorch (safe; 4% risk of failure)
Confirm with . or Enter, or press ? or * to list all spells.
Flames lash the orc priest.
The orc priest is burned terribly!
The orc priest is almost dead.
The orc priest begins to cast a cantrip, but forgets the words!
You hear some strange, mumbled words.
A puff of flame appears from out of thin air!
The puff of flame hits you. You resist.
The orc priest attacks as it pursues you!
The orc priest hits you with a +0 flail!
Something hits you but does no damage.
The orc priest miscasts a cantrip.
A puff of flame appears from out of thin air!
The puff of flame hits you. You resist.
A magic dart appears from out of thin air!
The magic dart hits you!
A goblin comes into view. It is wielding a +0 dagger of venom.
A puff of flame appears from out of thin air!
The puff of flame hits you. You resist.
The orc priest is no longer more vulnerable to fire.
The orc priest looks encouraged for a moment.
Casting: Scorch (safe; 4% risk of failure)
Confirm with . or Enter, or press ? or * to list all spells.
Flames lash the goblin.
The goblin is severely wounded.
The goblin's fire resistance burns away.
Casting: Scorch (safe; 4% risk of failure)
Confirm with . or Enter, or press ? or * to list all spells.
Flames lash the goblin.
The goblin is burned terribly!
You kill the goblin!
You hear a shout!
A magic dart appears from out of thin air!
The magic dart hits you!
* * * LOW HITPOINT WARNING * * *
A puff of flame appears from out of thin air!
The puff of flame hits you. You resist.
You die...

#.....#.
#.......####
### .....#
#... ..#
.....###.#####
#.#
......o{.g...#
#.#
....####.###.#
#.# ....# #.#
#.# #.# ....#
#g# #.# #.#
#...# #.# #.#
#@# ...<## #.#
#o# #.# ##...#
#.# #.# #.#
....># #.# #{#
#{# ###### #)#
#.# #.###.#
#...{.#
#######


There were no monsters in sight!

Vanquished Creatures
  A hound (D:3)
  4 adders
  A dart slug (D:1)
  A ribbon worm (D:2)
  3 orcs
  7 endoplasms
  A giant cockroach (D:1)
  5 goblins
  7 hobgoblins
  7 jackals
  3 quokkas
  7 ball pythons
  4 bats
  A frilled lizard (D:3)
  9 kobolds
  9 rats
70 creatures vanquished.

Vanquished Creatures (others)
  15 foxfires (D:1)
15 creatures vanquished.

Grand Total: 85 creatures vanquished

Notes
Turn   | Place    | Note
-------+----------+-------------------------------------------
     0 | D:1      | Arcadio the Djinni Fire Elementalist began the quest for
                  | the Orb.
     0 | D:1      | Arcadio set off with the following spells memorised:
                  | Foxfire, Scorch, Volatile Blastmotes, Inner Flame, Flame
                  | Wave.
     0 | D:1      | Reached XP level 1. HP: 15/15 MP: 0/0
    58 | D:1      | Reached XP level 2. HP: 14/22 MP: 0/0
   159 | D:1      | Found a faded altar of an unknown god.
   196 | D:1      | Reached skill level 1 in Fighting
   397 | D:1      | Reached XP level 3. HP: 25/27 MP: 0/0
   397 | D:1      | Learned a level 1 spell: Apportation
  1018 | D:2      | Reached XP level 4. HP: 29/33 MP: 0/0
  1462 | D:2      | Found a basalt altar of Yredelemnul.
  2002 | D:3      | Found a white marble altar of Elyvilon.
  2007 | D:3      | Reached XP level 5. HP: 27/39 MP: 0/0
  2007 | D:3      | Learned a level 2 spell: Mercury Vapours
  2087 | D:3      | Found Sofot's Jewellery Shop.
  2598 | D:4      | Killed from afar by an orc wizard

Illustrated notes

Levels and vault maps discovered:
D:1:      saegor_arrival_miasma, layout_basic, ebering_ecumenical_altar_mist
D:2:      minmay_chambers_of_ones, layout_loops_ring, basic_altar
D:3:      minmay_inner_zag, layout_rooms, lemuel_coloured_pillars_altar,
          serial_shops, shop_statue
D:4:      layout_basic, mainiacjoe_overflow_cross_hatched,
          gammafunk_ghost_abyssal_escape, nicolae_houndstooth_variations,
          uniq_eustachio, uniq_crazy_yiuf_cottage

Skill      XL: |  1  2  3  4 |
---------------+-------------+-----
Fighting       | 1 2 |  2.5
Dodging        | 3 |  3.7
Stealth        | |  1.5
Spellcasting   | |  3.8
Conjurations   | |  3.8
Hexes          | |  3.8
Summonings     | |  3.8
Necromancy     | |  3.8
Translocations | |  3.8
Fire Magic     | |  3.8
Ice Magic      | |  3.8
Air Magic      | |  3.8
Earth Magic    | |  3.8
Alchemy        | |  3.8

Action                     |  1- 3 |  4- 6 || total
---------------------------+-------+-------++-------
  Melee: Unarmed           |     1 |       ||     1
         Dagger            |       |     7 ||     7
   Cast: Foxfire           |     9 |       ||     9
         Scorch            |    30 |    54 ||    84
 Armour: Robe              |     4 |    25 ||    29
  Dodge: Dodged            |     1 |    19 ||    20
